 Dungeon Crawl Stone Soup version 0.30-a0-760-g5a9884bb7c (webtiles) character file.

Game seed: 1733225831217147409

1395 Dittersdorf the Shield-Bearer (level 8, -6/52 HPs)
             Began as a Gargoyle Fighter on Feb 10, 2023.
             Killed by divine providence
             ... invoked by an orc priest
              (12 damage)
             ... on level 5 of the Dungeon.
             The game lasted 00:07:40 (5646 turns).

Dittersdorf the Shield-Bearer (Gargoyle Fighter)    Turns: 5646, Time: 00:07:41

Health: -6/52      AC: 19    Str: 25    XL:     8   Next: 68%
Magic:  8/8        EV:  8    Int:  9    God:
Gold:   217        SH:  5    Dex:  9    Spells: 7/7 levels left

rFire   . . .      SeeInvis .    l - +0 whip of Hell's Wrath {freeze, rPois Str+3}
rCold   . . .      Faith    .    c - +0 buckler
rNeg    + + .      Spirit   .    p - +0 chain mail
rPois   ∞          Reflect  .    (no helmet)
rElec   +          Harm     .    o - +2 cloak
rCorr   .          Rampage  .    (no gloves)
Will    .....                    (no boots) Stlth
                                 f - amulet of the acrobat
HPRegen 0.28/turn                h - ring of positive energy
MPRegen 0.11/turn                (no ring)

@: no status effects
A: sickness immunity, AC +5, negative energy resistance 1, electricity
resistance, torment resistance 1, petrification resistance
a: no special abilities


You were on level 5 of the Dungeon.
You visited 1 branch of the dungeon, and saw 5 of its levels.

You collected 217 gold pieces.

Inventory:

Hand Weapons
 l - the +0 whip of Hell's Wrath (weapon) {freeze, rPois Str+3}
   (You found it on level 2 of the Dungeon)

   Str:       It affects your strength (+3).
   rPois:     It protects you from poison.
 s - a +2 heavy morningstar
Armour
 c - a +0 buckler (worn)
 m - a +0 plate armour
 o - a +2 cloak (worn)
 p - a +0 chain mail (worn)
Jewellery
 f - an amulet of the acrobat (around neck)
 h - a ring of positive energy (left hand)
Wands
 t - a wand of flame (16)
Scrolls
 g - 2 scrolls of enchant armour
 n - a scroll of teleportation
 q - a scroll of blinking
Potions
 a - 2 potions of brilliance {unknown}
 b - a potion of lignification {unknown}
 d - 3 potions of mutation
 e - a potion of might
 i - 2 potions of heal wounds
 j - a potion of resistance {unknown}
 k - 4 potions of curing {unknown}
 r - a potion of flight


   Skills:
 + Level 6.5 Fighting
 + Level 5.5 Maces & Flails
 + Level 6.5 Armour
 + Level 6.5 Shields


You had 7 spell levels left.
You didn't know any spells.
Your spell library contained the following spells:

 Spells                   Type           Power      Damage    Failure   Level
 Freeze                   Ice            0%         1d3       97%         1
 Frozen Ramparts          Ice            0%         1d1       100%        3
 Hailstorm                Conj/Ice       0%         3d3       100%        3
 Summon Guardian Golem    Hex/Summ       0%         N/A       100%        3
 Cause Fear               Hex            0%         N/A       100%        4
 Dragon Form              Tmut           0%         N/A       100%        7
 Orb of Destruction       Conj           0%         9d5       100%        7
 Spellforged Servitor     Conj/Summ      0%         N/A       100%        7
 Dragon's Call            Summ           0%         N/A       100%        9


Dungeon Overview and Level Annotations

Branches:
Dungeon (5/15)
 Temple: D:4-7

Altars:
Qazlal

Shops:
D:3 =

Annotations:
D:5 Prince Ribbit


Innate Abilities, Weirdness & Mutations

You are immune to sickness and miasma.
Your stone body is resilient. (AC +5)
You are immune to poison.
You resist negative energy. (rN+)
You are resistant to electric shocks. (rElec)
You are resistant to unholy torment.
You are immune to petrification.


Message History

Beogh smites you!
* * * LOW HITPOINT WARNING * * *
Prince Ribbit blinks!
Prince Ribbit attacks as you move away! Prince Ribbit misses you.
Prince Ribbit completely misses you. Prince Ribbit attacks as you move away!
Prince Ribbit completely misses you. x2
Prince Ribbit attacks as you move away! Prince Ribbit barely misses you.
Prince Ribbit hops awkwardly around.
Prince Ribbit attacks as you move away! Prince Ribbit misses you.
Prince Ribbit attacks as you move away! Prince Ribbit closely misses you.
Prince Ribbit blinks!
You closely miss Prince Ribbit.
Prince Ribbit is lightly wounded.
Prince Ribbit hits you.
* * * LOW HITPOINT WARNING * * *
You closely miss Prince Ribbit.
Prince Ribbit is lightly wounded.
Prince Ribbit blinks!
Prince Ribbit closely misses you.
Prince Ribbit blinks!
Prince Ribbit completely misses you. Prince Ribbit attacks as you move away!
Prince Ribbit barely misses you. Prince Ribbit completely misses you.
Prince Ribbit attacks as you move away! Prince Ribbit closely misses you.
Prince Ribbit attacks as you move away! Prince Ribbit completely misses you.
Prince Ribbit blinks!
Prince Ribbit barely misses you.
You closely miss Prince Ribbit.
Prince Ribbit is lightly wounded.
Prince Ribbit barely misses you.
The orc priest mumbles some strange prayers to Beogh against you.
You struggle to resist.
You barely miss Prince Ribbit.
Prince Ribbit is lightly wounded.
You block Prince Ribbit's attack. Prince Ribbit hits you.
* * * LOW HITPOINT WARNING * * *
You barely miss Prince Ribbit.
The orc priest mumbles some strange prayers to Beogh against you.
Beogh smites you!
You die...

......... #..... . ..#.....##
..... .. ##.#.#...... ...##.#
.......#...# ....
#####.#.#.#...#######.#######
....................<.......
#######...#.#.#...<......#####..
..........o...############
######.#.#.#..@F<.....
#.#.....######### #.#...........
#.#.#######.... ##### #o#.# ...
....####.#)# ....
.o.......#)#######..#.
##.#######.))......... #.# #..
#...)......#.


You could see Prince Ribbit and an orc priest.

Vanquished Creatures
  Sigmund (D:2)
  Eustachio (D:4)
  An orc warrior (D:5)
  An ogre (D:3)
  A centaur (D:5)
  A phantom (D:4)
  A necrophage (D:3)
  2 scorpions (D:4)
  A jelly (D:5)
  A gnoll bouda (D:3)
  An orc priest (D:5)
  Crazy Yiuf (D:3)
  A hound (D:5)
  2 orc wizards (D:5)
  Natasha (thrice) (D:2)
  12 gnolls
  9 adders
  A white imp (D:4)
  3 worms
  2 dart slugs (D:4)
  14 orcs
  8 bats
  5 endoplasms
  5 giant cockroaches
  6 goblins
  7 hobgoblins
  8 jackals
  7 kobolds
  6 quokkas
  5 ball pythons
  5 frilled lizards
  3 rats
125 creatures vanquished.

Vanquished Creatures (others)
  14 plants (D:4)
14 creatures vanquished.

Grand Total: 139 creatures vanquished

Notes
Turn   | Place    | Note
-------+----------+-------------------------------------------
     0 | D:1      | Dittersdorf the Gargoyle Fighter began the quest for the
                  | Orb.
     0 | D:1      | Reached XP level 1. HP: 14/14 MP: 1/1
   103 | D:1      | Reached XP level 2. HP: 17/19 MP: 2/2
   111 | D:1      | Found a faded altar of an unknown god.
   549 | D:1      | Reached XP level 3. HP: 21/23 MP: 3/3
  1015 | D:2      | You fall into a shaft and drop 2 floors!
  1016 | D:4      | yay!
  1118 | D:4      | Noticed a scorpion
  1125 | D:4      | Killed a scorpion
  1126 | D:4      | Reached XP level 4. HP: 4/29 MP: 4/4
  1483 | D:2      | Reached XP level 5. HP: 33/33 MP: 5/5
  1608 | D:2      | Identified the +0 whip of Hell's Wrath {freeze, rPois
                  | Str+3}
  1949 | D:2      | Noticed Natasha
  1963 | D:2      | Killed Natasha
  2321 | D:2      | Noticed Natasha
  2327 | D:2      | Killed Natasha
  2328 | D:2      | Reached XP level 6. HP: 33/39 MP: 6/6
  2511 | D:2      | Noticed Sigmund
  2531 | D:2      | Killed Sigmund
  2847 | D:2      | Noticed Natasha
  2854 | D:2      | Killed Natasha
  2855 | D:2      | Reached skill level 5 in Fighting
  2855 | D:2      | Reached skill level 5 in Armour
  2855 | D:2      | Reached skill level 5 in Shields
  3073 | D:3      | Reached XP level 7. HP: 44/44 MP: 7/7
  3105 | D:3      | Found Cyaniasch's Jewellery Shop.
  3138 | D:3      | Found a stormy altar of Qazlal.
  3598 | D:3      | Found a runed translucent door.
  3599 | D:3      | Noticed Crazy Yiuf
  3760 | D:3      | Killed Crazy Yiuf
  4583 | D:4      | Noticed Eustachio
  4604 | D:4      | Killed Eustachio
  4605 | D:4      | Reached XP level 8. HP: 43/51 MP: 8/8
  4989 | D:4      | Reached skill level 5 in Maces & Flails
  5084 | D:5      | Entered Level 5 of the Dungeon
  5578 | D:5      | Noticed Prince Ribbit
  5611 | D:5      | HP: 2/52 [orc priest/divine providence (9)]
  5646 | D:5      | Killed from afar by an orc priest

Illustrated notes

#####+#
+.....#
#...$.#
#.....#
#...@.#
###...#
##+##


Turn 1016 on D:4: yay!

Levels and vault maps discovered:
D:1:      minmay_arrival_stone_box, layout_basic,
          ebering_ecumenical_altar_ruins, chequers_serial_rivers_room_a,
          minmay_statues_item
D:2:      kennysheep_six_static_rooms, layout_basic, minivault_11, st_stairs_10,
          minmay_strange_pillars, uniq_sigmund, uniq_natasha
D:3:      layout_loops_cross, mainiacjoe_overflow_six_doors_small, serial_shops,
          nicolae_square_shop, uniq_crazy_yiuf_cottage
D:4:      layout_gridville, serial_bayou_pond_c, uniq_eustachio
D:5:      layout_basic, serial_glass, glass_columns_b, glass_columns_c,
          glass_columns_a, glass_columns_a, glass_columns_c, glass_columns_b,
          guppyfry_early_orc_mine, uniq_prince_ribbit1

Skill      XL: |  1  2  3  4  5  6  7  8 |
---------------+-------------------------+-----
Fighting       | 4 5 6 |  6.5
Armour         | 4 5 6 |  6.5
Shields        | 4 5 6 |  6.5
Maces & Flails | 3 4 5 |  5.5

Action                     |  1- 3 |  4- 6 |  7- 9 || total
---------------------------+-------+-------+-------++-------
  Melee: Flail             |   100 |    63 |       ||   163
         Whip              |       |   121 |   322 ||   443
    Use: Scroll            |     4 |     6 |     2 ||    12
         Potion            |     1 |       |       ||     1
 Armour: Scale mail        |    64 |    83 |       ||   147
         Chain mail        |       |       |   169 ||   169
  Dodge: Dodged            |    64 |    93 |   161 ||   318
  Block: Buckler           |    30 |    43 |    71 ||   144

Table legend: (Time is in decaauts)
 A = Elapsed time spent in this place.
 B = Non-inter-level travel time spent in this place.
 C = Inter-level travel time spent in this place.
 D = Time resting spent in this place.
 E = Time spent auto-exploring this place.
 F = Levels seen in this place.
 G = Mean time per level.
                   A        B        C        D        E       F      G
               +--------+--------+--------+--------+--------+-----+--------+
         Total |   5663 |   5436 |    227 |    764 |   3401 |   5 | 1132.6 |
       Dungeon |   5663 |   5436 |    227 |    764 |   3401 |   5 | 1132.6 |
               +--------+--------+--------+--------+--------+-----+--------+

Top non-repeatable levels by time:
     D:2: 1627 daAuts
     D:4: 1338 daAuts
     D:3: 1202 daAuts
     D:1: 997 daAuts
     D:5: 497 daAuts
